 Dungeon Crawl Stone Soup version 0.29-a0-340-g6efceafd81 (webtiles) character file.

Game seed: 18102638370327967842

237 Tlukle the Grave Robber (level 5, -1/36 (39) HPs)
             Began as a Demigod Necromancer on Apr 20, 2022.
             Slain by a wight
             ... wielding a +4 flail of freezing
              (8 damage)
             ... on level 4 of the Dungeon.
             The game lasted 00:21:40 (3607 turns).

Tlukle the Grave Robber (Demigod Necromancer)       Turns: 3607, Time: 00:21:41

HP:   -1/36 (39)    AC:  3    Str:  9    XL:     5   Next: 48%
MP:   0/13          EV: 12    Int: 21    God:
Gold: 202           SH:  0    Dex: 14    Spells: 10/11 levels left

rFire   . . .      SeeInvis .   e - +1 dagger (freeze)
rCold   . . .      Faith    .   (no shield)
rNeg    + . .      Spirit   +   a - +1 robe
rPois   .          Reflect  .   (no helmet)
rElec   .          Harm     .   (no cloak)
rCorr   .          Rampage  .   (no gloves)
Will    .....                   (no boots)
Stlth   ++........              k - amulet of guardian spirit
HPRegen 0.12/turn               m - ring of positive energy
MPRegen 0.13/turn               (no ring)

@: drained
A: high MP 1, forlorn, divine attributes
a: no special abilities


You were on level 4 of the Dungeon.
You visited 1 branch of the dungeon, and saw 4 of its levels.

You collected 202 gold pieces.

Inventory:

Hand Weapons
 e - a +1 dagger of freezing (weapon)
 f - a +0 rapier of venom
 j - a +1 dagger of venom
Armour
 a - a +1 robe (worn)
Jewellery
 k - an amulet of guardian spirit (around neck)
 m - a ring of positive energy (left hand)
Scrolls
 h - a scroll of teleportation
Potions
 c - a potion of resistance
 d - a potion of heal wounds {unknown}
 g - a potion of ambrosia {unknown}
 i - 2 potions of brilliance {unknown}
 l - a potion of haste {unknown}


   Skills:
 + Level 0.3 Fighting
 + Level 1.9 Dodging
 + Level 2.3 Stealth
 + Level 3.5 Spellcasting
 + Level 5.1 Necromancy


You had 10 spell levels left.
You knew the following spells:

 Your Spells              Type           Power      Damage    Failure   Level
a - Pain                  Necr           100%       1d9       1%          1

Your spell library contained the following spells:

 Spells                   Type           Power      Damage    Failure   Level
 Animate Skeleton         Necr           50%        N/A       1%          1
 Vampiric Draining        Necr           25%        2d7       4%          3
 Animate Dead             Necr           12%        N/A       16%         4
 Agony                    Necr           25%        N/A       38%         5


Dungeon Overview and Level Annotations

Branches:
Dungeon (4/15)
 Temple: D:4-7


Innate Abilities, Weirdness & Mutations

You have an increased reservoir of magic. (+10% MP)
You shall have no god before yourself.
Your divine heritage dramatically boosts your attributes as you level up.


Message History

Unknown command.
Casting: Pain (safe; 1% risk of failure)
Confirm with . or Enter, or press ? or * to list all spells.
You can't see any susceptible monsters within range! (Use Z to cast anyway.)
Casting: Pain (safe; 1% risk of failure)
Confirm with . or Enter, or press ? or * to list all spells.
You can't see any susceptible monsters within range! (Use Z to cast anyway.)
Press: ? - help, v - describe, . - travel, g - get item
Here: a wight, wielding a +4 flail of freezing and wearing a +0 robe (wandering, hasn't noticed you)
Items here: $ ) ††.
The floor.
Press: ? - help, v - describe, . - travel, g - get item
Here: a wight, wielding a +4 flail of freezing and wearing a +0 robe (wandering, hasn't noticed you)
Items here: $ ) ††.
The floor.
Casting: Pain (safe; 1% risk of failure)
Confirm with . or Enter, or press ? or * to list all spells.
Okay, then.
Press: ? - help, v - describe, . - travel, g - get item
Here: a wight, wielding a +4 flail of freezing and wearing a +0 robe (wandering, hasn't noticed you)
Items here: $ ) ††.
The floor.
Magic courses through your body.
Your +1 dagger of freezing glows with a cold blue light!
e - a +1 dagger of freezing (weapon)
The wight hits you with a +4 flail of freezing!
You partially resist.
You feel drained. The wight freezes you.
You hit the wight but do no damage. The wight closely misses you.
You completely miss the wight.
The wight hits you with a +4 flail of freezing.
* * * LOW HITPOINT WARNING * * *
You partially resist.
You feel drained. The wight freezes you.
* * * LOW HITPOINT WARNING * * *
You closely miss the wight.
The wight hits you with a +4 flail of freezing.
* * * LOW HITPOINT WARNING * * *
You partially resist.
You feel drained. The wight freezes you.
You completely miss the wight.
The wight hits you with a +4 flail of freezing!
You die...

########
#.....)#
#....z#.#.#
#...@##.#.#
#...## .#.#
#..# #.##
.. #.# '# .
## z# . #z


You could see a wight.

Vanquished Creatures
  Eustachio (D:4)
  3 adders (D:2)
  2 worms (D:2)
  3 dart slugs
  3 bats
  5 endoplasms
  3 giant cockroaches
  7 hobgoblins
  4 quokkas
  5 ball pythons
  2 frilled lizards
  11 goblins
  4 kobolds
  A rat (D:1)
54 creatures vanquished.

Vanquished Creatures (others)
  3 fungi (D:3)
  5 plants (D:3)
8 creatures vanquished.

Grand Total: 62 creatures vanquished

Notes
Turn   | Place    | Note
-------+----------+-------------------------------------------
     0 | D:1      | Tlukle the Demigod Necromancer began the quest for the Orb.
     0 | D:1      | Reached XP level 1. HP: 14/14 MP: 5/5
   379 | D:1      | Reached XP level 2. HP: 6/20 MP: 1/7
   625 | D:1      | Reached skill level 4 in Necromancy
  1297 | D:2      | Reached XP level 3. HP: 20/26 MP: 3/9
  2780 | D:3      | Reached XP level 4. HP: 30/33 MP: 6/10
  3174 | D:4      | Noticed Eustachio
  3183 | D:4      | Killed Eustachio
  3184 | D:4      | Reached skill level 5 in Necromancy
  3184 | D:4      | Reached XP level 5. HP: 13/39 MP: 0/13
  3540 | D:4      | Noticed an ogre
  3607 | D:4      | Slain by a wight

Illustrated notes

Levels and vault maps discovered:
D:1:      mrwooster_arrival_statue, layout_loops_corners, hex_large,
          chequers_serial_rivers_large_a
D:2:      layout_basic
D:3:      layout_loops_ring, lemuel_tele_altar,
          dreamdust_ecumenical_altar_hidden_monk_grotto
D:4:      layout_layer_cave, overflow_temple_1_default, zin_academy,
          wad_orctagon, uniq_robin, uniq_eustachio

Skill      XL: |  1  2  3  4 |
---------------+-------------+-----
Stealth        | 2 |  2.3
Spellcasting   | 2 3 |  3.5
Necromancy     | 4 5 |  5.1
Fighting       | |  0.3
Dodging        | |  1.9

Action                   |  1- 3 |  4- 6 || total
-------------------------+-------+-------++-------
Melee: Unarmed           |    24 |       ||    24
       Punch             |     1 |       ||     1
       Dagger            |       |     4 ||     4
 Cast: Pain              |    85 |    29 ||   114
  Use: Scroll            |     8 |     3 ||    11
       Potion            |       |     1 ||     1
 Stab: Sleeping          |     1 |       ||     1
Armor: Robe              |     4 |     1 ||     5
Dodge: Dodged            |    32 |    15 ||    47

Table legend: (Time is in decaauts)
 A = Elapsed time spent in this place.
 B = Non-inter-level travel time spent in this place.
 C = Inter-level travel time spent in this place.
 D = Time resting spent in this place.
 E = Time spent auto-exploring this place.
 F = Levels seen in this place.
 G = Mean time per level.
                   A        B        C        D        E       F      G
               +--------+--------+--------+--------+--------+-----+--------+
         Total |   3616 |   3616 |      0 |    752 |      0 |   4 |  904.0 |
       Dungeon |   3616 |   3616 |      0 |    752 |      0 |   4 |  904.0 |
               +--------+--------+--------+--------+--------+-----+--------+

Top non-repeatable levels by time:
     D:2: 1306 daAuts
     D:1: 1011 daAuts
     D:3: 982 daAuts
     D:4: 315 daAuts
